 Dungeon Crawl Stone Soup version 0.29-a0-268-g5627465c62 (webtiles) character file.

Game seed: 505730905271306048

1724 Ordine the Carver (level 9, -3/54 HPs)
             Began as a Tengu Warper on Mar 7, 2022.
             Slain by an ogre
             ... wielding a +0 giant spiked club
              (24 damage)
             ... on level 5 of the Dungeon.
             The game lasted 00:16:59 (7565 turns).

Ordine the Carver (Tengu Warper)                    Turns: 7565, Time: 00:16:59

Health: -3/54      AC:  9    Str: 11    XL:     9   Next: 4%
Magic:  13/13      EV:  6    Int: 15    God:
Gold:   253        SH:  7    Dex: 17    Spells: 12/12 levels left

rFire   . . .      SeeInvis .   a - +0 falchion
rCold   . . .      Faith    .   t - +2 buckler of Ashenzari's Anger {Fly}
rNeg    . . .      Spirit   .   k - +0 chain mail {rPois}
rPois   +          Reflect  .   (helmet restricted)
rElec   .          Harm     .   g - +0 cloak
rCorr   .          Rampage  .   (no gloves)
Will    .....                   (boots unavailable)
Stlth   ..........              (no amulet)
HPRegen 0.18/turn               (no ring)
MPRegen 0.13/turn               (no ring)

@: flying quickly and evasively, quick
A: beak, talons 3, nimble flight
a: no special abilities


You were on level 5 of the Dungeon.
You visited 1 branch of the dungeon, and saw 5 of its levels.

You collected 253 gold pieces.

Inventory:

Hand Weapons
 a - a +0 falchion (weapon)
 b - a +0 dagger of venom
Missiles
 d - 7 boomerangs of dispersal
 f - 2 throwing nets
 h - 8 poisoned darts (quivered)
 n - 2 boomerangs
Armour
 g - a +0 cloak (worn)
 k - a +0 chain mail of poison resistance (worn)
 l - an orb of energy
 t - the +2 buckler of Ashenzari's Anger (worn) {Fly}
   (You found it on level 4 of the Dungeon)

   Fly:       It grants you flight.
Wands
 q - a wand of paralysis (11)
 u - a wand of flame (19)
Scrolls
 c - 2 scrolls of blinking
 i - a scroll of fog
 j - 2 scrolls of enchant weapon
 m - a scroll of vulnerability {unknown}
 p - 2 scrolls of teleportation
 s - 2 scrolls of immolation {unknown}
 w - a scroll of magic mapping {unknown}
 x - a scroll of brand weapon {unknown}
 y - a scroll of noise {unknown}
Potions
 e - 2 potions of curing
 o - a potion of degeneration {unknown}
 r - a potion of lignification
 v - a potion of attraction


   Skills:
 + Level 5.5 Fighting
 * Level 8.4 Long Blades
 + Level 5.1 Throwing
 - Level 1.1 Armour
 - Level 2.1 Dodging
 - Level 4.0 Shields
 - Level 2.0 Spellcasting
 - Level 2.4 Translocations


You had 12 spell levels left.
You didn't know any spells.
Your spell library contained the following spells:

 Spells                   Type           Power      Damage    Failure   Level
 Animate Skeleton         Necr           2%         N/A       100%        1
 Apportation              Tloc           16%        N/A       100%        1
 Pain                     Necr           4%         1d4       100%        1
 Blink                    Tloc           16%        N/A       100%        2
 Scorch                   Fire           2%         2d5       100%        2
 Gell's Gravitas          Tloc           8%         N/A       100%        3
 Lesser Beckoning         Tloc           8%         N/A       100%        3
 Teleport Other           Tloc           8%         N/A       100%        3
 Tukima's Dance           Hex            1%         N/A       100%        3
 Vampiric Draining        Necr           1%         2d6       100%        3
 Anguish                  Hex/Necr       0%         N/A       100%        4
 Flame Wave               Conj/Fire      1%         2d4       100%        4
 Agony                    Necr           1%         N/A       100%        5
 Alistair's Intoxication  Tmut/Pois      0%         N/A       100%        5
 Excruciating Wounds      Necr           0%         N/A       100%        5
 Manifold Assault         Tloc           8%         N/A       100%        5
 Summon Cactus Giant      Summ           0%         N/A       100%        6
 Enfeeble                 Hex            0%         N/A       100%        7


Dungeon Overview and Level Annotations

Branches:
Dungeon (5/15)
 Temple: D:4-7

Altars:
Elyvilon
Gozag
Makhleb
Qazlal
The Shining One


Innate Abilities, Weirdness & Mutations

You have a beak for a mouth.
You have claws for feet.
Your magical nature lets you fly swiftly and evasively.


Message History

The howler monkey is lightly wounded.
You block the howler monkey's attack.
You closely miss the howler monkey. You claw the howler monkey.
You peck the howler monkey.
The howler monkey is lightly wounded.
The howler monkey hits you but does no damage.
You hit the howler monkey but do no damage.
The howler monkey is lightly wounded.
The howler monkey hits you.
You hit the howler monkey. You claw the howler monkey.
Your peck misses the howler monkey.
The howler monkey is moderately wounded.
The howler monkey hits you.
You slash the howler monkey! Your kick misses the howler monkey.
You peck the howler monkey, but do no damage.
The howler monkey is severely wounded.
The howler monkey hits you.
The ogre hits you with a +0 giant spiked club.
You slash the howler monkey! Your kick misses the howler monkey.
The howler monkey is almost dead.
The howler monkey barely misses you. The howler monkey hits you.
You barely miss the howler monkey. You peck the howler monkey.
You kill the howler monkey!
You block the ogre's attack.
Training target 4.0 for Shields reached!
Your Shields skill increases to level 4!
You see here a howler monkey corpse.
Aiming: Paralyse
Press: ? - help, Shift-Dir - straight line, f - ogre
Aim: an ogre, wielding a +0 giant spiked club (chance to affect: 49%)
The ogre resists with some effort.
You hit the ogre. Your kick misses the ogre.
You peck the ogre, but do no damage.
The ogre is lightly wounded.
The ogre hits you with a +0 giant spiked club!
You are too injured to fight recklessly!
You are too injured to fight recklessly!
The ogre attacks as you move away!
The ogre hits you with a +0 giant spiked club!!
You die...

#.#.# #.#.####
#####....>.######.##
#...................
#.###†######.######
#.# #.# #.# #.# #O#
#.########
#@######.........
#.........#######
########..# #..#
#..# ##..# #...#
##..## #...#######


You could see an ogre.

Vanquished Creatures
  Grinder (D:4)
  Menkaure (D:4)
  An ice beast (D:5)
  2 black bears
  An ogre (D:5)
  A gnoll sergeant (D:4)
  A scorpion (D:4)
  A necrophage (D:4)
  5 howler monkeys
  A jelly (D:4)
  2 hounds
  3 iguanas
  4 orc wizards
  23 gnolls (D:4)
  5 adders
  An ufetubus (D:4)
  2 worms
  6 dart slugs
  25 orcs
  4 endoplasms
  3 giant cockroaches
  6 goblins
  6 hobgoblins
  9 jackals (D:4)
  7 kobolds
  3 quokkas
  6 ball pythons
  5 bats
  4 frilled lizards
  7 rats
146 creatures vanquished.

Vanquished Creatures (others)
  2 plants (D:4)
2 creatures vanquished.

Grand Total: 148 creatures vanquished

Notes
Turn   | Place    | Note
-------+----------+-------------------------------------------
     0 | D:1      | Ordine the Tengu Warper began the quest for the Orb.
     0 | D:1      | Reached XP level 1. HP: 12/12 MP: 4/4
   129 | D:1      | Reached XP level 2. HP: 16/17 MP: 6/6
   509 | D:1      | Reached skill level 3 in Long Blades
   779 | D:1      | Found a faded altar of an unknown god.
   782 | D:1      | Reached XP level 3. HP: 22/22 MP: 7/7
  1692 | D:2      | Reached XP level 4. HP: 25/27 MP: 8/8
  1740 | D:3      | Noticed a black bear
  1822 | D:2      | Reached skill level 4 in Long Blades
  2075 | D:3      | Gained mutation: Your magical nature lets you fly swiftly
                  | and evasively. [Tengu growth]
  2075 | D:3      | Reached XP level 5. HP: 26/32 MP: 9/9
  2168 | D:3      | Killed a black bear
  2284 | D:3      | Reached XP level 6. HP: 37/37 MP: 10/10
  2413 | D:3      | Found a stormy altar of Qazlal.
  2419 | D:3      | Found a white marble altar of Elyvilon.
  2753 | D:4      | Identified the +2 buckler of Ashenzari's Anger {Fly}
  2775 | D:3      | Reached skill level 5 in Long Blades
  3272 | D:4      | Found a glowing golden altar of the Shining One.
  3299 | D:4      | Found an opulent altar of Gozag.
  3480 | D:4      | Reached skill level 1 in Shields
  3772 | D:4      | Reached XP level 7. HP: 33/42 MP: 11/11
  3911 | D:4      | Reached skill level 6 in Long Blades
  3915 | D:4      | Noticed Menkaure
  4210 | D:4      | Killed Menkaure
  4374 | D:4      | Noticed Grinder
  4378 | D:4      | Paralysed by Grinder for 4 turns
  4382 | D:4      | Killed Grinder
  4383 | D:4      | Reached skill level 7 in Long Blades
  4383 | D:4      | Reached XP level 8. HP: 36/48 MP: 12/12
  6023 | D:4      | Reached skill level 5 in Fighting
  6512 | D:5      | Entered Level 5 of the Dungeon
  7281 | D:5      | Found a burning altar of Makhleb.
  7291 | D:5      | Reached skill level 8 in Long Blades
  7508 | D:5      | Reached skill level 5 in Throwing
  7508 | D:5      | Reached XP level 9. HP: 47/54 MP: 13/13
  7565 | D:5      | Slain by an ogre

Illustrated notes

Levels and vault maps discovered:
D:1:      lightli_arrival_boilingwater, layout_basic, serial_curves,
          eino_curves_01, eino_curves_03, eino_curves_02,
          chequers_ecumenical_altar_simple,
          nicolae_concentric_dashed_squares_wild
D:2:      layout_basic, minmay_fractal_squares_5
D:3:      layout_loops_ring, mainiacjoe_overflow_large_starburst,
          kennysheep_decorative_pillar
D:4:      lemuel_castle_with_subvaults [lemuel_castle_interior_carwin_3],
          layout_cave_pools, mainiacjoe_overflow_small_starburst,
          mainiacjoe_overflow_six_doors_small, dk_noncrumbling_3, uniq_menkaure,
          uniq_grinder
D:5:      layout_loops_ring, marbit_many_paths, makhleb_heckhound_becter,
          minmay_lizard_king

Skill      XL: |  1  2  3  4  5  6  7  8  9 |
---------------+----------------------------+-----
Long Blades    | 3 4 5 7 8 |  8.4
Throwing       | 2 3 4 5 |  5.1
Fighting       | 3 4 5 |  5.5
Shields        | 1 2 3 4 |  4.0
Armour         | |  1.1
Dodging        | |  2.1
Spellcasting   | |  2.0
Translocations | |  2.4

Action                   |  1- 3 |  4- 6 |  7- 9 || total
-------------------------+-------+-------+-------++-------
Melee: Falchion          |    92 |   108 |   235 ||   435
       Peck              |    12 |    16 |    49 ||    77
       Kick              |    15 |    41 |    88 ||   144
       Punch             |     1 |     1 |       ||     2
Throw: Dart              |       |     7 |       ||     7
Evoke: Wand              |       |       |     4 ||     4
  Use: Scroll            |       |       |     6 ||     6
       Potion            |       |       |     4 ||     4
Armor: Leather armour    |     7 |       |       ||     7
       Chain mail        |    56 |    91 |    77 ||   224
Dodge: Dodged            |    51 |    26 |    43 ||   120
Block: Buckler           |       |    11 |    71 ||    82

Table legend: (Time is in decaauts)
 A = Elapsed time spent in this place.
 B = Non-inter-level travel time spent in this place.
 C = Inter-level travel time spent in this place.
 D = Time resting spent in this place.
 E = Time spent auto-exploring this place.
 F = Levels seen in this place.
 G = Mean time per level.
                   A        B        C        D        E       F      G
               +--------+--------+--------+--------+--------+-----+--------+
         Total |   7361 |   7109 |    252 |   1396 |   4546 |   5 | 1472.2 |
       Dungeon |   7361 |   7109 |    252 |   1396 |   4546 |   5 | 1472.2 |
               +--------+--------+--------+--------+--------+-----+--------+

Top non-repeatable levels by time:
     D:4: 3102 daAuts
     D:3: 1289 daAuts
     D:2: 1099 daAuts
     D:5: 994 daAuts
     D:1: 876 daAuts
